 Dungeon Crawl Stone Soup version 0.23.2-1-ga50397a (webtiles) character file.

Game seed: 8097903943137105924

3256 TrebMcFLY the Cleaver (level 9, -3/81 HPs)
             Began as a Minotaur Fighter on May 19, 2019.
             Was an Initiate of Makhleb.
             Slain by a red ugly thing (9 damage)
             ... on level 8 of the Dungeon.
             The game lasted 00:21:02 (7205 turns).

TrebMcFLY the Cleaver (Minotaur Fighter)            Turns: 7205, Time: 00:21:03

Health: -3/81      AC: 13    Str: 24    XL:     9   Next: 67%
Magic:  9/9        EV:  3    Int:  5    God:    Makhleb [......]
Gold:   255        SH: 11    Dex: 10    Spells: 8/8 levels left

rFire    . . .     SeeInvis .   C - +3 war axe (flame)
rCold    . . .     Gourm    .   c - +0 shield
rNeg     . . .     Faith    .   G - +0 plate armour
rPois    +         Spirit   .   y - +0 hat
rElec    .         Reflect  .   (no cloak)
rCorr    .         Harm     .   (no gloves)
MR       .....                  (no boots)
Stlth    ..........             (no amulet)
HPRegen  0.23/turn              g - ring of poison resistance
MPRegen  0.11/turn              q - -3 ring of evasion (curse)

@: no status effects
A: retaliatory headbutt, horns 2
a: Renounce Religion


You were on level 8 of the Dungeon.
You worshipped Makhleb.
Makhleb was noncommittal.
You were not hungry.

You visited 2 branches of the dungeon, and saw 9 of its levels.

You collected 255 gold pieces.

Inventory:

Hand Weapons
 a - a +0 war axe
 C - a +3 war axe of flaming (weapon)
Armour
 c - a +0 shield (worn)
 y - a +0 hat (worn)
 G - a +0 plate armour (worn)
Jewellery
 g - a ring of poison resistance (left hand)
 q - a cursed -3 ring of evasion (right hand)
 F - a +5 ring of intelligence
Wands
 r - a wand of polymorph (8)
 x - a wand of random effects (21)
 D - a wand of paralysis (6)
 E - a wand of flame (16)
Scrolls
 b - 2 scrolls of immolation {unknown}
 h - 4 scrolls of identify
 i - 3 scrolls of fear {unknown}
 l - 4 scrolls of remove curse
 n - 3 scrolls of teleportation {unknown}
 p - 3 scrolls of enchant weapon {unknown}
 s - a scroll of noise {unknown}
 u - a scroll of fog {unknown}
 v - 2 scrolls of random uselessness {unknown}
 H - a scroll of enchant armour {unknown}
Potions
 d - 4 potions of might
 e - 3 potions of heal wounds
 j - a potion of haste {unknown}
 k - a potion of agility
 m - 3 potions of resistance
 o - 5 potions of lignification
 t - 2 potions of flight {unknown}
 w - a potion of berserk rage
 z - a potion of degeneration {unknown}
 B - 2 potions of brilliance {unknown}
Comestibles
 f - 10 rations
 A - 6 chunks of flesh


   Skills:
 + Level 8.1 Fighting
 * Level 10.3 Axes
 + Level 8.1 Armour
 - Level 1.2 Dodging
 + Level 7.9 Shields
 + Level 0.0 Invocations
 - Level 2.0 Evocations


You had 8 spell levels left.
You didn't know any spells.
Your spell library was empty.

Dungeon Overview and Level Annotations

Branches:
Dungeon (8/15)             Temple (1/1) D:7
   Lair: D:8-11

Altars:
Ashenzari
Cheibriados
Dithmenos
Elyvilon
Fedhas
Gozag
Kikubaaqudgha
Makhleb
Nemelex Xobeh
Okawaru
Qazlal
Sif Muna
Trog
Uskayaw
Vehumet
Wu Jian
Xom
Yredelemnul
Zin
The Shining One

Annotations:
D:4 Edmund, Eustachio


Innate Abilities, Weirdness & Mutations

You reflexively headbutt those who attack you in melee.
You have a pair of horns on your head.


Message History

You closely miss the red ugly thing.
You headbutt the red ugly thing, but do no damage.
The red ugly thing is lightly wounded.
The red ugly thing claws you.
You are engulfed in flames!
You closely miss the red ugly thing.
Your headbutt misses the red ugly thing.
The red ugly thing is lightly wounded.
The red ugly thing claws you!
You are engulfed in flames!
You closely miss the red ugly thing.
The red ugly thing is lightly wounded.
The red ugly thing claws you!
You are engulfed in flames!!
* * * LOW HITPOINT WARNING * * *
You slash the red ugly thing! You burn the red ugly thing.
Your headbutt misses the red ugly thing.
The red ugly thing is lightly wounded.
You block the red ugly thing's attack.
You hit the red ugly thing. You burn the red ugly thing.
The red ugly thing is moderately wounded.
The red ugly thing claws you!
You die...

+..'.......# #...#
#..#.......# #...#
#..#..)÷...# #...#
....#.......#
#...#.....#.......+
#...#.....+.......#
#...##....#........
#.u.#######...[....
#.@.'....÷'........
#...#.....#........
#.$.#.....#.......#
#...##....#.......#
#...##....#.......#
#...##....#.......+
#.........#.......#
#.........#.......#
.#######.......#


You could see a red ugly thing.

Vanquished Creatures
  Pikel (D:6)
  Prince Ribbit (D:6)
  A hippogriff (D:8)
  Menkaure (D:6)
  An orc warrior (D:7)
  2 slaves (D:6)
  3 phantoms (D:6)
  4 ogres
  A centaur (D:6)
  Blork the orc (D:6)
  3 bullfrogs
  A water moccasin skeleton (D:6)
  3 killer bees (D:7)
  2 howler monkeys
  4 crimson imps
  2 centaur zombies
  5 orc priests
  3 hounds
  A centaur skeleton (D:8)
  2 iguanas
  Terence (D:2)
  8 orc wizards
  4 worker ants
  3 adders
  4 gnolls (D:7)
  3 shadow imps
  An ooze (D:1)
  An adder skeleton (D:6)
  An adder zombie (D:6)
  3 worms
  3 dart slugs
  3 leopard geckos
  30 orcs
  6 giant cockroaches
  4 hobgoblins
  11 jackals
  6 kobolds
  4 quokkas
  2 ball pythons (D:4)
  4 bats
  4 frilled lizards
  3 goblins (D:1)
  2 jackal skeletons
  A leopard gecko zombie (D:6)
  5 rats
159 creatures vanquished.

Notes
Turn   | Place    | Note
-------+----------+-------------------------------------------
     0 | D:1      | TrebMcFLY the Minotaur Fighter began the quest for the Orb.
     0 | D:1      | Reached XP level 1. HP: 19/19 MP: 0/0
   227 | D:1      | Reached XP level 2. HP: 26/27 MP: 1/1
   473 | D:1      | Reached skill level 3 in Axes
   912 | D:2      | Reached XP level 3. HP: 30/33 MP: 2/2
  1144 | D:2      | Noticed Terence
  1155 | D:2      | Killed Terence
  1155 | D:2      | Reached skill level 1 in Dodging
  1303 | D:3      | Reached XP level 4. HP: 40/40 MP: 3/3
  1449 | D:3      | Found a white marble altar of Elyvilon.
  1624 | D:3      | Reached skill level 4 in Axes
  1807 | D:3      | Reached XP level 5. HP: 47/47 MP: 4/4
  2106 | D:3      | Found a glowing silver altar of Zin.
  2504 | D:4      | Noticed Eustachio
  2652 | D:4      | Noticed an ogre
  2936 | D:4      | Noticed Edmund
  2993 | D:5      | Entered Level 5 of the Dungeon
  3042 | D:5      | Noticed an ogre
  3048 | D:5      | Killed an ogre
  3048 | D:5      | Reached skill level 5 in Axes
  3048 | D:5      | Reached XP level 6. HP: 49/55 MP: 5/5
  3118 | D:5      | Reached skill level 5 in Fighting
  3118 | D:5      | Reached skill level 5 in Armour
  3334 | D:5      | Reached skill level 5 in Shields
  3361 | D:5      | Found a blossoming altar of Fedhas.
  3673 | D:5      | Reached skill level 6 in Axes
  3673 | D:5      | Reached XP level 7. HP: 25/61 MP: 6/6
  4644 | D:6      | Reached skill level 7 in Axes
  4658 | D:6      | Noticed Blork the orc
  4666 | D:6      | Killed Blork the orc
  4666 | D:6      | Reached XP level 8. HP: 59/70 MP: 7/7
  4778 | D:6      | Noticed Pikel
  4784 | D:6      | Paralysed by Pikel for 5 turns
  4917 | D:6      | Noticed Menkaure
  4918 | D:6      | Found a deep blue altar of Sif Muna.
  4929 | D:6      | Killed Menkaure
  5436 | D:6      | Reached skill level 8 in Axes
  5451 | D:6      | Noticed Prince Ribbit
  5471 | D:6      | Killed Prince Ribbit
  5671 | D:6      | Killed Pikel
  5671 | D:6      | Reached skill level 9 in Axes
  5671 | D:6      | Reached XP level 9. HP: 79/79 MP: 8/8
  5715 | D:6      | Found a radiant altar of Vehumet.
  5922 | D:7      | Found a shadowy altar of Dithmenos.
  6127 | D:7      | Reached skill level 1 in Evocations
  6150 | D:7      | Found a staircase to the Ecumenical Temple.
  6159 | Temple   | Entered the Ecumenical Temple
  6502 | D:7      | Reached skill level 10 in Axes
  6539 | D:7      | Found a burning altar of Makhleb.
  6547 | D:7      | Became a worshipper of Makhleb the Destroyer
  7108 | D:8      | Found a shattered altar of Ashenzari.
  7108 | D:8      | Found a hide-covered altar of Uskayaw.
  7108 | D:8      | Found a shimmering altar of Xom.
  7108 | D:8      | Found a bloodstained altar of Trog.
  7197 | D:8      | Noticed a red ugly thing
  7205 | D:8      | Slain by a red ugly thing

Skill      XL: |  1  2  3  4  5  6  7  8  9 |
---------------+----------------------------+-----
Axes           | 3 4 5 6 7 9 10 | 10.3
Fighting       | 4 5 6 7 8 |  8.1
Armour         | 4 5 6 7 8 |  8.1
Dodging        | 1 |  1.2
Shields        | 4 5 6 7 |  7.9
Evocations     | 2 |  2.0

Action                   |  1- 3 |  4- 6 |  7- 9 || total
-------------------------+-------+-------+-------++-------
Melee: War axe           |    86 |   157 |   260 ||   503
       Headbutt          |    10 |    28 |    39 ||    77
  Use: Scroll            |       |     1 |     4 ||     5
       Potion            |       |       |     1 ||     1
  Eat: Chunk             |     1 |     8 |    12 ||    21
Armor: Scale mail        |    31 |       |       ||    31
       Chain mail        |     1 |    63 |    78 ||   142
       Plate armour      |       |       |    26 ||    26
Dodge: Dodged            |    19 |    36 |    56 ||   111
Block: Shield            |    53 |    70 |   131 ||   254
